AoeStats
← kV0t3

Arabia

509689818Analyzed
1v1 RM · 3d ago on Sep 27, 2026· 54m 19s· 2 players
Game mode
Random Map
Map size
Tiny (2 player)
Population
200
Speed
Normal
Resources
Standard
Victory
Conquest
Starting age
Dark Age
Ending age
Imperial Age
RankedLock teamsTeams togetherTeam positionsShared explorationLock speedFull tech treeHidden civsTurbo modeCheats
Victory
Defeat
🇦🇷 Vietnamese · Argentina
1270
+16
🇩🇪 Dravidians · Germany
1268
-16
Montfort
7:39 Loom
11:08 Feudal Age
12:09 Double-Bit Axe
12:05 Man-at-Arms
12:43 Horse Collar
17:56 Scale Mail Armor
19:06 Padded Archer Armor
24:07 Castle Age
23:42 Forging
24:34 Pikeman
26:01 Iron Casting
26:04 Squires
26:53 Long Swordsman
28:28 Gambesons
28:34 Elite Skirmisher
39:02 Bow Saw
42:04 Fletching
42:30 Leather Archer Armor
43:12 Leather Archer Armor
kV0t3
0:25 Loom
10:02 Feudal Age
10:19 Man-at-Arms
11:58 Double-Bit Axe
18:06 Fletching
18:16 Padded Archer Armor
22:54 Castle Age
21:19 Gold Mining
21:10 Horse Collar
22:28 Scale Barding Armor
24:35 Bow Saw
24:26 Heavy Plow
25:24 Wheelbarrow
27:02 Crossbowman
27:39 Bodkin Arrow
29:27 Ballistics
29:27 Elite Skirmisher
30:51 Light Cavalry
33:02 Chain Barding Armor
35:42 Hand Cart
36:18 Leather Archer Armor
40:47 Imperial Age
38:49 Bloodlines
38:50 Forging
39:59 Stone Mining
41:38 Iron Casting
41:05 Husbandry
41:53 Bracer
42:57 Chemistry
42:29 Arbalester
43:10 Town Watch
44:56 Ring Archer Armor
44:27 Cavalier
49:28 Spies/Treason
54:06 Guard Tower
54:00 Treadmill Crane
54:30 Masonry
54:41 Bombard Tower
54:27 Siege Engineers
54:24 Scale Mail Armor
54:59 Plate Barding Armor
Connection lost

Rejoining the realm…

Still unreachable

The connection could not be restored.

Session expired

The server has moved on; the page needs a fresh start.